TOP OF THE 1ST |
Hamilton Ross Rams batting - Pitching for Arizona State University Sun Devils : RHP Jonathan Powell
|
Pitching: RHP Jonathan Powell
|
|
Batting: LHB Addergoole Kartosuwiryo
|
0-0: Ball 1-0: Ball 2-0: Ball 3-0: Reached on error, E6 (Groundball, 6, EV 85.0 MPH)
|
Batting: RHB Giovonni Melis
|
0-0: SINGLE (Groundball, 25, EV 68.1 MPH) (infield hit) Addergoole Kartosuwiryo to second
|
Batting: RHB Burke Miller
|
0-0: Called Strike 0-1: Ball 1-1: Ball Wild Pitch! Addergoole Kartosuwiryo to third Giovonni Melis to second 2-1: Called Strike 2-2: Ball Wild Pitch! Addergoole Kartosuwiryo scores Giovonni Melis to third 3-2: Base on Balls
|
Batting: LHB Miguel Silveira
|
0-0: Called Strike 0-1: Ball Burke Miller is caught stealing 2nd base 2-6 1-1: Foul Ball, location: 2F 1-2: Strikes out looking
|
Batting: RHB Christian Leschak
|
0-0: Ball 1-0: Foul Ball, location: 2F 1-1: Ball 2-1: Ball 3-1: Foul Ball, location: 2F 3-2: Foul Ball, location: 2F 3-2: Strikes out swinging
|
Top of the 1st over - 1 run, 1 hit, 1 error, 1 left on base; Hamilton Ross 1 - Arizona State University 0 |
BOTTOM OF THE 1ST |
Arizona State University Sun Devils batting - Pitching for Hamilton Ross Rams : RHP Raymilson La Arena
|
Pitching: RHP Raymilson La Arena
|
|
Batting: RHB Rusty Gee
|
0-0: Called Strike 0-1: Ball 1-1: Ball 2-1: Swinging Strike 2-2: Fly out, F9 (Flyball, 89S, EV 90.6 MPH)
|
Batting: LHB Timon Giorgiou
|
0-0: Called Strike 0-1: Called Strike 0-2: Ball 1-2: Ball 2-2: Ground out 5-3 (Groundball, 56S, EV 90.0 MPH)
|
Batting: LHB Justin Vitali
|
0-0: Ball 1-0: SINGLE (Groundball, 4MD, EV 97.5 MPH)
|
Batting: LHB Randy Marquez
|
0-0: Called Strike 0-1: 2-RUN HOME RUN (Flyball, 9D, EV 90.6 MPH), Distance : 346 ft
|
Batting: LHB Eric Russell
|
0-0: Ball 1-0: Called Strike 1-1: Swinging Strike 1-2: Ball 2-2: Strikes out swinging
|
Bottom of the 1st over - 2 runs, 2 hits, 0 errors, 0 left on base; Hamilton Ross 1 - Arizona State University 2 |
TOP OF THE 2ND |
Hamilton Ross Rams batting - Pitching for Arizona State University Sun Devils : RHP Jonathan Powell
|
Batting: SHB Steve Bailey
|
0-0: Ball 1-0: Swinging Strike 1-1: Ground out 5-3 (Groundball, 56S, EV 66.2 MPH)
|
Batting: RHB Sam Costello
|
0-0: Called Strike 0-1: Swinging Strike 0-2: Ball 1-2: Foul Ball, location: 2F 1-2: Strikes out swinging, 2-3 out at first.
|
Batting: RHB C.J. Fleet
|
0-0: Ground out 5-3 (Groundball, 56S, EV 63.1 MPH)
|
Top of the 2nd over - 0 runs, 0 hits, 0 errors, 0 left on base; Hamilton Ross 1 - Arizona State University 2 |
BOTTOM OF THE 2ND |
Arizona State University Sun Devils batting - Pitching for Hamilton Ross Rams : RHP Raymilson La Arena
|
Batting: RHB Hervé Papin
|
0-0: Called Strike 0-1: Ground out 4-3 (Groundball, 4S, EV 88.1 MPH)
|
Batting: LHB Dustin Gill
|
0-0: Called Strike 0-1: Called Strike 0-2: Strikes out swinging
|
Batting: RHB Jun-hyuk Leem
|
0-0: Called Strike 0-1: Foul Ball, location: 2F 0-2: Ball 1-2: Strikes out swinging
|
Bottom of the 2nd over - 0 runs, 0 hits, 0 errors, 0 left on base; Hamilton Ross 1 - Arizona State University 2 |
TOP OF THE 3RD |
Hamilton Ross Rams batting - Pitching for Arizona State University Sun Devils : RHP Jonathan Powell
|
Batting: RHB Mark Kerr
|
0-0: Ball 1-0: Ball 2-0: Ground out 5-3 (Groundball, 5, EV 105.6 MPH)
|
Batting: LHB Addergoole Kartosuwiryo
|
0-0: Foul Ball, location: 2F 0-1: Ball 1-1: Foul Ball, location: 2F 1-2: Strikes out swinging
|
Batting: RHB Giovonni Melis
|
0-0: Ball 1-0: Ball 2-0: Ball 3-0: Called Strike 3-1: Swinging Strike 3-2: Fly out, F8 (Line Drive, 8RD, EV 87.5 MPH)
|
Top of the 3rd over - 0 runs, 0 hits, 0 errors, 0 left on base; Hamilton Ross 1 - Arizona State University 2 |
BOTTOM OF THE 3RD |
Arizona State University Sun Devils batting - Pitching for Hamilton Ross Rams : RHP Raymilson La Arena
|
Batting: RHB Kawenaula Kapali
|
0-0: Ball 1-0: Called Strike 1-1: Called Strike 1-2: Strikes out swinging
|
Batting: RHB Rusty Gee
|
0-0: Ball 1-0: Swinging Strike 1-1: Called Strike 1-2: Ball 2-2: Strikes out swinging
|
Batting: LHB Timon Giorgiou
|
0-0: Called Strike 0-1: Foul Ball, location: 2F 0-2: Foul Ball, location: 2F 0-2: Ball 1-2: Ball 2-2: Ball 3-2: Strikes out swinging
|
Bottom of the 3rd over - 0 runs, 0 hits, 0 errors, 0 left on base; Hamilton Ross 1 - Arizona State University 2 |
TOP OF THE 4TH |
Hamilton Ross Rams batting - Pitching for Arizona State University Sun Devils : RHP Jonathan Powell
|
Batting: RHB Burke Miller
|
0-0: Fly out, F8 (Flyball, 89S, EV 85.0 MPH)
|
Batting: LHB Miguel Silveira
|
0-0: Ball 1-0: Called Strike 1-1: Foul Ball, location: 2F 1-2: Strikes out swinging
|
Batting: RHB Christian Leschak
|
0-0: Ball 1-0: Foul Ball, location: 2F 1-1: Fly out, F7 (Flyball, 78M, EV 84.4 MPH)
|
Top of the 4th over - 0 runs, 0 hits, 0 errors, 0 left on base; Hamilton Ross 1 - Arizona State University 2 |
BOTTOM OF THE 4TH |
Arizona State University Sun Devils batting - Pitching for Hamilton Ross Rams : RHP Raymilson La Arena
|
Batting: LHB Justin Vitali
|
0-0: Called Strike 0-1: Foul Ball, location: 2F 0-2: Foul Ball, location: 2F 0-2: Ball 1-2: Foul Ball, location: 2F 1-2: Fly out, F8 (Line Drive, 8LM, EV 103.1 MPH)
|
Batting: LHB Randy Marquez
|
0-0: Called Strike 0-1: Swinging Strike 0-2: SINGLE (Flyball, 6D, EV 91.2 MPH)
|
Batting: LHB Eric Russell
|
0-0: Called Strike 0-1: Called Strike 0-2: Foul Ball, location: 2F 0-2: Ball 1-2: Ball 2-2: Strikes out looking
|
Batting: RHB Hervé Papin
|
0-0: Swinging Strike 0-1: Ball 1-1: Ball 2-1: Foul Ball, location: 2F 2-2: Ball 3-2: Foul Ball, location: 2F 3-2: Base on Balls Randy Marquez to second
|
Batting: LHB Dustin Gill
|
0-0: Ball 1-0: Foul Ball, location: 2F 1-1: Foul Ball, location: 2F 1-2: Strikes out swinging
|
Bottom of the 4th over - 0 runs, 1 hit, 0 errors, 2 left on base; Hamilton Ross 1 - Arizona State University 2 |
TOP OF THE 5TH |
Hamilton Ross Rams batting - Pitching for Arizona State University Sun Devils : RHP Jonathan Powell
|
Batting: SHB Steve Bailey
|
0-0: Ball 1-0: Ball 2-0: DOUBLE (Groundball, 3L, EV 104.4 MPH)
|
Batting: RHB Sam Costello
|
0-0: Ball 1-0: Called Strike 1-1: Foul Ball, location: 2F 1-2: Ball 2-2: Ball 3-2: Ground out 6-3 (Groundball, 6S, EV 75.0 MPH) Steve Bailey to third
|
Batting: RHB C.J. Fleet
|
0-0: Called Strike 0-1: Swinging Strike 0-2: Foul Ball, location: 2F 0-2: Ball 1-2: Strikes out looking
|
Batting: RHB Mark Kerr
|
0-0: Called Strike 0-1: Called Strike 0-2: Strikes out looking
|
Top of the 5th over - 0 runs, 1 hit, 0 errors, 1 left on base; Hamilton Ross 1 - Arizona State University 2 |
BOTTOM OF THE 5TH |
Arizona State University Sun Devils batting - Pitching for Hamilton Ross Rams : RHP Raymilson La Arena
|
Batting: RHB Jun-hyuk Leem
|
0-0: Ball 1-0: Called Strike 1-1: Ball 2-1: SINGLE (Line Drive, 78S, EV 93.1 MPH)
|
Batting: RHB Kawenaula Kapali
|
0-0: Called Strike 0-1: Called Strike 0-2: Ball 1-2: Foul Ball, location: 2F 1-2: Ground out 6-3 (Groundball, 6S, EV 73.8 MPH) Jun-hyuk Leem to second
|
Batting: RHB Rusty Gee
|
0-0: Called Strike 0-1: Swinging Strike 0-2: Foul Ball, location: 2F 0-2: Ball 1-2: Foul Ball, location: 2F 1-2: Strikes out swinging
|
Pitching: RHP Gerald Heemskerk
|
|
Batting: LHB Timon Giorgiou
|
0-0: Foul Ball, location: 2F 0-1: Swinging Strike 0-2: Strikes out looking
|
Bottom of the 5th over - 0 runs, 1 hit, 0 errors, 1 left on base; Hamilton Ross 1 - Arizona State University 2 |
TOP OF THE 6TH |
Hamilton Ross Rams batting - Pitching for Arizona State University Sun Devils : RHP Jonathan Powell
|
Batting: LHB Addergoole Kartosuwiryo
|
0-0: Called Strike 0-1: Ground out 4-3 (Groundball, 4, EV 90.0 MPH)
|
Batting: RHB Giovonni Melis
|
0-0: Ball 1-0: SINGLE (Line Drive, 78M, EV 90.0 MPH)
|
Batting: RHB Burke Miller
|
0-0: Called Strike Giovonni Melis steals 2nd base 0-1: Ball 1-1: Called Strike 1-2: Ball 2-2: Ball 3-2: SINGLE (Groundball, 6M, EV 99.4 MPH) (infield hit) Giovonni Melis to third
|
Pitching: LHP T.J. Conner
|
|
Pinch Hitting: LHB Jose Lopez
|
0-0: Fly out, F7 (Flyball, 7D, EV 103.1 MPH) Runner from 3rd tags up, SCORES, throw by LF
|
Batting: RHB Christian Leschak
|
0-0: Called Strike 0-1: Foul Ball, location: 2F 0-2: Strikes out looking
|
Top of the 6th over - 1 run, 2 hits, 0 errors, 1 left on base; Hamilton Ross 2 - Arizona State University 2 |
BOTTOM OF THE 6TH |
Arizona State University Sun Devils batting - Pitching for Hamilton Ross Rams : RHP Gerald Heemskerk
|
Now at 3B: Waggoner Wagner
|
|
Batting: LHB Justin Vitali
|
0-0: Foul Ball, location: 2F 0-1: SINGLE (Flyball, 56D, EV 85.0 MPH)
|
Batting: LHB Randy Marquez
|
0-0: Foul Ball, location: 2F 0-1: Ball 1-1: Called Strike 1-2: Ball Wild Pitch! Justin Vitali to second 2-2: Strikes out swinging
|
Batting: LHB Eric Russell
|
0-0: Ball 1-0: Ball 2-0: Foul Ball, location: 2F 2-1: Foul Ball, location: 2F 2-2: Ball 3-2: Foul Ball, location: 2F 3-2: SINGLE (Groundball, 6MD, EV 96.9 MPH) Justin Vitali to third Runner from 3rd tries for Home, SAFE, throw by CF to home
|
Batting: RHB Hervé Papin
|
0-0: Ball 1-0: SINGLE (Line Drive, 7LM, EV 105.0 MPH) Eric Russell to second
|
Batting: LHB Dustin Gill
|
0-0: Grounds into double play, 4-6-3 (Groundball, 4, EV 109.4 MPH)
|
Bottom of the 6th over - 1 run, 3 hits, 0 errors, 1 left on base; Hamilton Ross 2 - Arizona State University 3 |
TOP OF THE 7TH |
Hamilton Ross Rams batting - Pitching for Arizona State University Sun Devils : LHP T.J. Conner
|
Batting: SHB Steve Bailey
|
0-0: Foul Ball, location: 2F 0-1: Ball 1-1: Ball 2-1: Foul Ball, location: 2F 2-2: Strikes out swinging
|
Batting: RHB Sam Costello
|
0-0: Foul Ball, location: 2F 0-1: Swinging Strike 0-2: Ball 1-2: Strikes out swinging
|
Batting: RHB C.J. Fleet
|
0-0: Foul Ball, location: 2F 0-1: Swinging Strike 0-2: Ball 1-2: Ball 2-2: Strikes out swinging
|
Top of the 7th over - 0 runs, 0 hits, 0 errors, 0 left on base; Hamilton Ross 2 - Arizona State University 3 |
BOTTOM OF THE 7TH |
Arizona State University Sun Devils batting - Pitching for Hamilton Ross Rams : RHP Gerald Heemskerk
|
Batting: RHB Jun-hyuk Leem
|
0-0: Ball 1-0: Foul Ball, location: 2F 1-1: SINGLE (Line Drive, 89M, EV 107.5 MPH)
|
Batting: RHB Kawenaula Kapali
|
0-0: Bunt missed! 0-1: Bunted foul 0-2: Ball 1-2: SINGLE (Groundball, P, EV 91.2 MPH) (infield hit) Jun-hyuk Leem to second
|
Batting: RHB Rusty Gee
|
0-0: Bunt missed! 0-1: Bunted foul 0-2: Ball 1-2: Ball 2-2: Ground out 5-3 (Groundball, 56S, EV 73.8 MPH) Jun-hyuk Leem to third Kawenaula Kapali to second
|
Batting: LHB Timon Giorgiou
|
0-0: Ball 1-0: Foul Ball, location: 2F 1-1: Foul Ball, location: 2F 1-2: Strikes out swinging
|
Batting: LHB Justin Vitali
|
0-0: SINGLE (Line Drive, 34D, EV 94.4 MPH) Jun-hyuk Leem scores Kawenaula Kapali to third Runner from 3rd tries for Home, SAFE, throw by RF to home
|
Pitching: RHP Kieran Jesso
|
|
Batting: LHB Randy Marquez
|
0-0: Foul Ball, location: 2F 0-1: Called Strike 0-2: Strikes out swinging
|
Bottom of the 7th over - 2 runs, 3 hits, 0 errors, 1 left on base; Hamilton Ross 2 - Arizona State University 5 |
TOP OF THE 8TH |
Hamilton Ross Rams batting - Pitching for Arizona State University Sun Devils : LHP T.J. Conner
|
Batting: RHB Mark Kerr
|
0-0: Ball 1-0: Foul Ball, location: 2F 1-1: Foul Ball, location: 2F 1-2: Ground out 5-3 (Groundball, 56S, EV 87.5 MPH)
|
Batting: LHB Addergoole Kartosuwiryo
|
0-0: Ball 1-0: Called Strike 1-1: Foul Ball, location: 2F 1-2: Foul Ball, location: 2F 1-2: Strikes out swinging
|
Batting: RHB Giovonni Melis
|
0-0: Ball 1-0: Ball 2-0: Called Strike 2-1: Ball 3-1: Fly out, F9 (Line Drive, 9, EV 93.8 MPH)
|
Top of the 8th over - 0 runs, 0 hits, 0 errors, 0 left on base; Hamilton Ross 2 - Arizona State University 5 |
BOTTOM OF THE 8TH |
Arizona State University Sun Devils batting - Pitching for Hamilton Ross Rams : RHP Kieran Jesso
|
Batting: LHB Eric Russell
|
0-0: Ball 1-0: Ball 2-0: Swinging Strike 2-1: Ground out 6-3 (Groundball, 6M, EV 78.1 MPH)
|
Batting: RHB Hervé Papin
|
0-0: Ball 1-0: Foul Ball, location: 2F 1-1: Ball 2-1: Ground out U3 (Groundball, 34S, EV 81.2 MPH)
|
Batting: LHB Dustin Gill
|
0-0: Ball 1-0: Swinging Strike 1-1: Foul Ball, location: 2F 1-2: Ball 2-2: Strikes out swinging
|
Bottom of the 8th over - 0 runs, 0 hits, 0 errors, 0 left on base; Hamilton Ross 2 - Arizona State University 5 |
TOP OF THE 9TH |
Hamilton Ross Rams batting - Pitching for Arizona State University Sun Devils : LHP T.J. Conner
|
Pitching: RHP Ken Gray
|
|
Batting: RHB Burke Miller
|
0-0: Ball 1-0: Ball 2-0: Called Strike 2-1: Reached on error, E8 (Flyball, 8LXD, EV 96.9 MPH)
|
Batting: RHB Waggoner Wagner
|
0-0: Foul Ball, location: 2F 0-1: Ball 1-1: Ball 2-1: Foul Ball, location: 2F 2-2: Strikes out looking
|
Pinch Hitting: RHB Anderson Shumate
|
0-0: Called Strike 0-1: Foul Ball, location: 2F 0-2: Strikes out swinging
|
Batting: SHB Steve Bailey
|
0-0: Ball 1-0: Ground out 5-3 (Groundball, 56, EV 103.8 MPH)
|
Top of the 9th over - 0 runs, 0 hits, 1 error, 1 left on base; Hamilton Ross 2 - Arizona State University 5 |
|